 Dungeon Crawl Stone Soup version 0.27.1-33-g824d729ab1 (webtiles) character file.

Game seed: 16521159874275640096

1481 lonewolfV2 the Fighter (level 8, -7/78 (88) HPs)
             Began as an Ogre Berserker on Dec 14, 2021.
             Was an Elder of Trog.
             Mangled by a wight (9 damage)
             ... on level 6 of the Dungeon.
             The game lasted 00:16:08 (8418 turns).

lonewolfV2 the Fighter (Ogre Berserker)             Turns: 8418, Time: 00:16:13

HP:   -7/78 (88)    AC:  3    Str: 22    XL:     8   Next: 79%
MP:   8/8           EV: 11    Int:  8    God:    Trog [****..]
Gold: 215           SH:  0    Dex: 10    Spells: 7/7 levels left

rFire    . . .     SeeInvis .   a - +1 hand axe (drain)
rCold    . . .     Faith    .   (no shield)
rNeg     . . .     Spirit   .   b - +0 animal skin
rPois    .         Reflect  .   (helmet restricted)
rElec    .         Harm     .   (no cloak)
rCorr    .         Rampage  .   (gloves unavailable)
Will     .....                  (boots unavailable)
Stlth    ++........             (no amulet)
HPRegen  0.23/turn              (no ring)
MPRegen  0.11/turn              (no ring)

@: heavily drained
A: large, unfitting armour, tough skin 1
a: Renounce Religion, Berserk, Trog's Hand, Brothers in Arms


You were on level 6 of the Dungeon.
You worshipped Trog.
Trog was greatly pleased with you.
You visited 2 branches of the dungeon, and saw 7 of its levels.

You collected 293 gold pieces.
You spent 78 gold pieces at shops.

Inventory:

Hand Weapons
 a - a +1 hand axe of draining (weapon)
Armour
 b - a +0 animal skin (worn)
Jewellery
 g - an amulet of magic regeneration
Wands
 c - a wand of paralysis (7) (quivered)
Scrolls
 e - a scroll of magic mapping
 i - a scroll of summoning
Potions
 d - a potion of cancellation
 f - 3 potions of curing
 h - a potion of degeneration
 j - a potion of attraction {unknown}


   Skills:
 + Level 8.0 Fighting
 + Level 7.7 Axes
 + Level 4.8 Dodging
 + Level 2.1 Stealth
 + Level 1.8 Evocations


You had 7 spell levels left.
You didn't know any spells.
Your spell library contained the following spells:

 Spells                   Type           Power      Damage    Failure   Level
 Corona                   Hex            0%         N/A       41%         1
 Ensorcelled Hibernation  Hex/Ice        0%         N/A       54%         2
 Gell's Gravitas          Tloc           0%         N/A       78%         3
 Lesser Beckoning         Tloc           0%         N/A       78%         3
 Teleport Other           Tloc           0%         N/A       78%         3
 Tukima's Dance           Hex            0%         N/A       78%         3


Dungeon Overview and Level Annotations

Branches:
Dungeon (6/15)             Temple (1/1) D:5

Altars:
Fedhas
Hepliaklqana
Kikubaaqudgha
Makhleb
Nemelex Xobeh
Ru
Sif Muna
Vehumet
Wu Jian
The Shining One
Jiyva

Shops:
D:3 =?[   D:5 *::*[


Innate Abilities, Weirdness & Mutations

You are too large for most types of armour.
You have tough skin. (AC +1)


Message History

There is an open door here.
There is an open door here.
There is a stone staircase leading up here.
You open the door. 4 wights come into view.
A wight is wielding a +5 morningstar of freezing.
A wight is wielding a +3 dagger of freezing.
The wight closely misses you.
There are monsters nearby!
The wight barely misses you.
A wight comes into view. It is wielding a +5 dire flail.
The wight hits you from afar with a +0 halberd!
You feel drained. The wight barely misses you.
The wight hits you with a +5 morningstar of freezing!
You feel drained. The wight freezes you.
There is an open door, spattered with blood here.
You hit the wight.
The wight is moderately damaged.
You hit the wight. The wight misses you. The wight barely misses you.
The wight hits you with a +5 morningstar of freezing!
You feel drained. The wight freezes you.
You hit the wight.
The wight is moderately damaged.
You closely miss the wight. The wight barely misses you.
The wight hits you but does no damage. The wight misses you.
You hit the wight but do no damage.
The wight is moderately damaged.
You completely miss the wight. The wight barely misses you.
The wight hits you from afar with a +0 halberd!
You feel drained.
The wight hits you with a +5 morningstar of freezing!
* * * LOW HITPOINT WARNING * * *
The wight freezes you.
* * * LOW HITPOINT WARNING * * *
You feel better. The wight hits you with a +0 halberd!
* * * LOW HITPOINT WARNING * * *
You feel drained.
* * * LOW HITPOINT WARNING * * *
The wight misses you.
The wight hits you with a +5 morningstar of freezing!
You die...

....'...#...#.....#
....#...+...#.....#
##.########'#.....#
##.##.........:.#####
.#..#...........#..'
.#..#...........#..#
.+..#...........#z.#
.#..#...........#zz#
.#..#...........@zz#
#####...........#####'
.......#######.........
......># #.........
.......# #.........
.......# #.........
.......# #.........
.......# '....#####
######## #....#


You could see 5 wights.

Vanquished Creatures
  Menkaure (D:5)
  2 ice beasts
  An ogre (D:6)
  A centaur (D:6)
  A phantom (D:4)
  A kobold brigand (D:6)
  4 scorpions
  A howler monkey (D:6)
  2 centaur zombies
  2 jellies (D:6)
  An orc priest (D:3)
  A centaur skeleton (D:6)
  A hound (D:5)
  Natasha (twice) (D:3)
  3 iguanas (D:5)
  2 orc wizards
  3 gnolls (D:6)
  7 adders
  A white imp (D:3)
  A dart slug (D:3)
  15 orcs
  7 endoplasms
  A giant cockroach (D:4)
  8 goblins
  9 hobgoblins
  10 jackals
  5 quokkas
  5 ball pythons
  5 bats
  5 frilled lizards
  15 kobolds
  3 rats
126 creatures vanquished.

Vanquished Creatures (others)
  7 plants
7 creatures vanquished.

Grand Total: 133 creatures vanquished

Notes
Turn   | Place    | Note
-------+----------+-------------------------------------------
     0 | D:1      | lonewolfV2 the Ogre Berserker began the quest for the Orb.
     0 | D:1      | Reached XP level 1. HP: 24/24 MP: 1/1
   158 | D:1      | Reached XP level 2. HP: 32/32 MP: 2/2
  1124 | D:1      | Reached XP level 3. HP: 39/40 MP: 3/3
  1324 | D:1      | Found a faded altar of an unknown god.
  1758 | D:2      | Reached ** piety under Trog
  2525 | D:3      | Found Docvul's Antique Armour Shoppe.
  2538 | D:3      | Reached XP level 4. HP: 45/49 MP: 4/4
  2555 | D:3      | Reached skill level 5 in Fighting
  2738 | D:3      | Reached XP level 5. HP: 42/57 MP: 5/5
  2860 | D:3      | Found Ymaco's Jewellery Shoppe.
  2862 | D:3      | Found Ongidaob's Magic Scroll Boutique.
  2884 | D:3      | Bought a scroll of identify for 26 gold pieces
  2884 | D:3      | Bought a scroll of identify for 26 gold pieces
  2884 | D:3      | Bought a scroll of identify for 26 gold pieces
  3339 | D:3      | Noticed Natasha
  3347 | D:3      | Killed Natasha
  3516 | D:3      | Reached *** piety under Trog
  3648 | D:3      | Noticed Natasha
  3653 | D:3      | Killed Natasha
  3749 | D:4      | Noticed a phantom
  3768 | D:4      | Killed a phantom
  3769 | D:4      | Reached skill level 5 in Axes
  3769 | D:4      | Reached XP level 6. HP: 37/66 MP: 6/6
  4104 | D:4      | Found a blossoming altar of Fedhas.
  4779 | D:5      | Entered Level 5 of the Dungeon
  4872 | D:5      | Reached skill level 6 in Fighting
  4972 | D:5      | Found a hazy altar of Hepliaklqana.
  4973 | D:5      | Found Pohiereu's Book Shop.
  5038 | D:5      | Noticed Menkaure
  5042 | D:5      | Reached XP level 7. HP: 75/75 MP: 7/7
  5051 | D:5      | Killed Menkaure
  5194 | D:5      | Found a staircase to the Ecumenical Temple.
  5210 | Temple   | Entered the Ecumenical Temple
  5436 | D:5      | Found Hiklas's Book Shop.
  5466 | D:5      | Found a radiant altar of Vehumet.
  5476 | D:5      | Reached skill level 1 in Stealth
  5476 | D:5      | Reached skill level 1 in Evocations
  6012 | D:5      | Found Hamadext's Assorted Antiques.
  6042 | D:5      | Found Qixeqal's General Store.
  6043 | D:5      | Found Histresch's Armour Shop.
  6358 | D:5      | Reached skill level 7 in Fighting
  6358 | D:5      | Reached XP level 8. HP: 73/87 MP: 8/8
  7579 | D:6      | Reached **** piety under Trog
  8074 | D:6      | Reached skill level 8 in Fighting
  8418 | D:6      | HP: 2/78 [wight (5)]
  8418 | D:6      | Mangled by a wight

Illustrated notes

Levels and vault maps discovered:
D:1:      lightli_arrival_flooded_house, layout_loops_corners,
          shapermc_ecumenical_altar_flowoftime
D:2:      layout_loops_corners
D:3:      layout_basic, serial_shops, shop, shop, shop, uniq_natasha
D:4:      layout_rooms, mainiacjoe_overflow_paths, bh_walls_and_bars
D:5:      layout_basic, nicolae_hepliaklqana_hazy_memory,
          nicolae_vehumet_radiance, minmay_temple_entry_glass, serial_shops,
          nicolae_shop_trees, nicolae_take_the_stairs, nicolae_wooded_promenade,
          uniq_menkaure
D:6:      layout_gridville
Temple:   pf_slime_end_temple

Skill      XL: |  1  2  3  4  5  6  7  8 |
---------------+-------------------------+-----
Dodging        | 3 4 |  4.8
Fighting       | 5 6 7 8 |  8.0
Axes           | 4 5 6 7 |  7.7
Stealth        | 1 2 |  2.1
Evocations     | 1 |  1.8

Action                   |  1- 3 |  4- 6 |  7- 9 || total
-------------------------+-------+-------+-------++-------
Melee: Hand axe          |   109 |   153 |   120 ||   382
Invok: Berserk           |       |       |     3 ||     3
       Trog's Hand       |       |       |     2 ||     2
Evoke: Wand              |       |    15 |     2 ||    17
  Use: Scroll            |     5 |     6 |     1 ||    12
       Potion            |       |     1 |     1 ||     2
 Stab: Paralysed         |       |       |     2 ||     2
Armor: Animal skin       |    53 |    49 |    30 ||   132
Dodge: Dodged            |    97 |    83 |    81 ||   261
